 Dungeon Crawl Stone Soup version 0.16.1-17-g773cdaf (webtiles) character file.

82 jacksonaction the Changer (level 4, -3/28 HPs)
             Began as an Octopode Transmuter on Apr 22, 2015.
             Killed from afar by murphyslaw's ghost (6 damage)
             ... with a zap
             ... on level 3 of the Dungeon.
             The game lasted 00:10:19 (2139 turns).

jacksonaction the Changer (Octopode Transmuter)     Turns: 2139, Time: 00:10:19

Health: -3/28      AC:  1    Str:  9    XL:     4   Next: 43%
Magic:  7/7        EV: 12    Int: 15    God:
Gold:   166        SH:  0    Dex: 13    Spells: 2 memorised, 3 levels left

rFire  . . .     SeeInvis .       - Unarmed
rCold  . . .     Clarity  .     (no shield)
rNeg   . . .     SustAb   .     (helmet restricted)
rPois  .         Gourm    .     (no amulet)
rElec  .         Spirit   .     (no ring)
rCorr  .         Warding  .     (no ring)
rMut   .         Stasis   .     (no ring)
MR     .....                    (no ring)
Stlth  ++........               (no ring)
                                (no ring)
                                (no ring)
                                (no ring)

@: appendage, not resistant to hostile enchantments, unstealthy
A: almost no armour, amphibious, 8 rings, constrict 8, tentacle spike 3,
camouflage 1, gelatinous body 1
a: End Transformation


You were on level 3 of the Dungeon.
You were not hungry.
One of your tentacles had a temporary spike.
You visited 1 branch of the dungeon, and saw 3 of its levels.

You collected 166 gold pieces.

Inventory:

Missiles
 b - 12 arrows
 c - 3 needles of paralysis
 l - 68 stones (quivered)
Jewellery
 q - an uncursed amulet of resist mutation {unknown}
 u - an uncursed ring of poison resistance {unknown}
 v - an uncursed amulet of regeneration {unknown}
Magical devices
 n - a wand of flame (23)
Scrolls
 e - a scroll of random uselessness {unknown}
 g - 3 scrolls of identify {unknown}
 i - a scroll of amnesia {unknown}
 m - 2 scrolls of magic mapping {unknown}
 o - a scroll of enchant armour {unknown}
 r - a scroll of remove curse {unknown}
 x - a scroll of fear {unknown}
 y - a scroll of teleportation {unknown}
Potions
 f - 2 potions of curing {unknown}
 j - 2 potions of heal wounds {unknown}
 p - 2 potions of haste
 s - 2 potions of invisibility {unknown}
 t - a potion of beneficial mutation {unknown}
Books
 d - a book of Changes

   Spells                             Type                      Level
   a - Beastly Appendage              Transmutation                1
   b - Sticks to Snakes               Transmutation                2
   c - Spider Form                    Transmutation/Poison         3
   d - Ice Form                       Ice/Transmutation            4
   e - Blade Hands                    Transmutation                5
Comestibles
 a - 2 bread rations
 h - a meat ration
 k - a slice of pizza
 w - 2 chunks of flesh


   Skills:
 - Level 1.0 Fighting
 - Level 2.0 Dodging
 - Level 3.0 Unarmed Combat
 - Level 2.0 Spellcasting
 + Level 4.5 Transmutations


You had 3 spell levels left.
You knew the following spells:

 Your Spells              Type           Power        Failure   Level  Hunger
a - Beastly Appendage     Trmt           ###...       3%          1    #......
b - Spider Form           Trmt/Pois      #.........   30%         3    ###....


Dungeon Overview and Level Annotations

Branches:
Dungeon (3/15)

Altars:
Ashenzari

Annotations:
D:2 Sigmund
D:3 murphyslaw's ghost, average DEAE


Innate Abilities, Weirdness & Mutations

You cannot wear most types of armour.
You are amphibious.
You can wear up to eight rings at the same time.
You can use your tentacles to constrict many enemies at once.
Your skin changes colour to match your surroundings (Stealth).
Your rubbery body absorbs attacks (AC +1).
One of your tentacles bears a large vicious spike.


Message History

Murphyslaw's ghost hits you.
You tentacle-slap murphyslaw's ghost.
Murphyslaw's ghost is lightly damaged.
Murphyslaw's ghost hits you!
You closely miss murphyslaw's ghost.
You pierce murphyslaw's ghost, but do no damage.
Murphyslaw's ghost is lightly damaged.
Murphyslaw's ghost barely misses you.
You miss murphyslaw's ghost.
You pierce murphyslaw's ghost, but do no damage.
Your squeeze misses murphyslaw's ghost.
Murphyslaw's ghost is lightly damaged.
Murphyslaw's ghost hits you!
You closely miss murphyslaw's ghost.
Murphyslaw's ghost is lightly damaged.
Murphyslaw's ghost hits you!
* * * LOW HITPOINT WARNING * * *
Murphyslaw's ghost casts a spell at you.
The zap hits you!
You die...

#...########
#..........#
#...######.#
.......# #.#
####...######.#
...... [..#.#
###.### ##.#.#
#.# ##....#
#@####.....#
#..W.......#
######....$#
##(..## ##.##
#.# #.# ..# ###


You could see murphyslaw's ghost.

Vanquished Creatures
  Jessica (D:2)
  Terence (D:2)
  An adder (D:2)
  An ooze (D:3)
  4 giant cockroaches
  4 hobgoblins
  6 bats
  4 giant newts
  4 goblins
  8 jackals (D:1)
  5 kobolds
  5 rats
44 creatures vanquished.

Notes
Turn   | Place    | Note
--------------------------------------------------------------
     0 | D:1      | jacksonaction, the Octopode Transmuter, began the quest for the Orb.
     0 | D:1      | Reached XP level 1. HP: 13/13 MP: 3/3
   237 | D:1      | Reached XP level 2. HP: 11/18 MP: 4/4
   934 | D:1      | Found a shattered altar of Ashenzari.
   984 | D:1      | Reached XP level 3. HP: 20/23 MP: 6/6
   989 | D:1      | Learned a level 3 spell: Spider Form
  1222 | D:2      | Noticed Jessica
  1225 | D:2      | Noticed Sigmund
  1231 | D:2      | Killed Jessica
  1407 | D:2      | Noticed Terence
  1416 | D:2      | Killed Terence
  1416 | D:2      | Reached skill level 4 in Transmutations
  1416 | D:2      | Reached XP level 4. HP: 24/28 MP: 3/7
  1847 | D:3      | Noticed murphyslaw's ghost (average DEAE)
  2139 | D:3      | Killed from afar by murphyslaw's ghost

Action                   |  1- 3 |  4- 6 || total
-------------------------+-------+-------++-------
Melee: Unarmed           |    76 |    41 ||   117
 Cast: Beastly Appendage |     1 |     1 ||     2
       Spider Form       |     2 |     1 ||     3
 Stab: Sleeping          |     3 |     1 ||     4
  Eat: Chunk             |     1 |     3 ||     4
